 Dungeon Crawl Stone Soup version 0.32-a0-918-g0f22ef8d61 (webtiles) character file.

Game seed: 14845044267801120595

2 THTSBRD the Vexing (level 1, -2/13 HPs)
             Began as a Vampire Enchanter on Apr 10, 2024.
             Succumbed to a kobold's poison
             ... on level 1 of the Dungeon.
             The game lasted 00:00:26 (203 turns).

THTSBRD the Vexing (Vampire Enchanter)               Turns: 203, Time: 00:00:27

Health: -2/13      AC:  6    Str:  7    XL:     1   Next: 25%
Magic:  3/3        EV:  6    Int: 17    God:
Gold:   10         SH:  0    Dex: 14    Spells: 4/4 levels left

rFire   . . .        a - +1 dagger
rCold   . . .        (no shield)
rNeg    . . .        d - +0 scale mail
rPois   .            (no helmet)
rElec   .            (no cloak)
rCorr   .            (no gloves)
SInv    +            (no boots)
Will    .....        (no amulet)
Stlth   +            (no ring)
HPRegen 0.42/turn    (no ring)
MPRegen 0.08/turn

%: no passive effects
@: lethally poisoned (-2 -> -14), healing quickly, invisible
A: alive, fangs 3, see invisible, vampiric 1
a: Exsanguinate


You were on level 1 of the Dungeon.
You visited 1 branch of the dungeon, and saw 1 of its levels.

You collected 10 gold pieces.

Inventory:

Hand Weapons
 a - a +1 dagger (weapon)
Armour
 b - a +0 robe
 d - a +0 scale mail (worn)
Potions
 c - a potion of invisibility


   Skills:
 + Level 1.1 Short Blades
 + Level 2.2 Dodging
 + Level 4.4 Stealth
 + Level 2.0 Spellcasting
 + Level 4.4 Hexes


You had 4 spell levels left.
You didn't know any spells.
Your spell library contained the following spells:

 Spells                   Type           Power      Damage    Failure   Level
 Confusing Touch          Hex            16%        N/A       77%         3
 Tukima's Dance           Hex            16%        N/A       77%         3
 Ensorcelled Hibernation  Hex/Ice        18%        N/A       85%         2
 Dazzling Flash           Conj/Hex       18%        N/A       97%         3


Dungeon Overview and Level Annotations

Branches:
Dungeon (1/15)

Altars:


Innate Abilities, Weirdness & Mutations

Your natural rate of healing is accelerated.
You have razor-sharp teeth.
You have supernaturally acute eyesight. (SInv)
You are afflicted with vampirism.


Message History

The bat hits you. The bat hits you but does no damage. The bat hits you.
The bat hits you. The bat hits you. The bat hits you but does no damage.
You open the door.
A quokka and a kobold come into view.
The kobold is wielding a +0 dagger of venom.
The bat hits you but does no damage.
The kobold shouts!
The bat hits you but does no damage.
There is an open door here.
The bat hits you but does no damage.
You closely miss the bat. The bat barely misses you.
A dart slug comes into view.
The bat closely misses you.
There is an open door here.
You barely miss the bat. The bat barely misses you.
The bat hits you but does no damage. The bat hits you but does no damage.
The bat barely misses you. The kobold attacks as it pursues you!
The kobold hits you with a +0 dagger of venom.
The kobold attacks as it pursues you! The kobold hits you but does no damage.
You are poisoned.
You feel sick. The bat barely misses you.
You feel sick. The bat hits you.
You feel sick.
You feel sick. The bat barely misses you.
You feel sick. The kobold attacks as it pursues you!
The kobold hits you but does no damage.
You are lethally poisoned!
You feel sick. The bat hits you but does no damage.
The kobold attacks as it pursues you! The kobold hits you but does no damage.
You are more poisoned.
There is an open door here.
* * * LOW HITPOINT WARNING * * *
You feel very sick.
You fade into invisibility!
You die...

#.##.###.#.## #........#..
##. ####.####### #.. #.#
##+#####.# #.# ##...#....# .
#.## ##......##.##.# #..##
##..)....##..w.#
#####...####.........#.#...
...........@Krb...w...'.....
######...####.........#.##..
#..## ##.......##.# #.##
##.....###.. #.# ##...##
#### #.. ##+## .. .


You could see a dart slug (unable to see you), a quokka (unable to see you), a
bat and a kobold (unable to see you).

Vanquished Creatures
  A quokka (D:1)
  A kobold (D:1)
2 creatures vanquished.

Notes
Turn   | Place    | Note
-------+----------+-------------------------------------------
     0 | D:1      | THTSBRD the Vampire Enchanter began the quest for the Orb.
     0 | D:1      | Reached XP level 1. HP: 13/13 MP: 3/3
   203 | D:1      | Succumbed to a kobold's poison

Illustrated notes

Levels and vault maps discovered:
D:1:      wander_arrival_peaceful_grave, layout_loops_corners,
          minmay_stone_trees_small, minmay_pentomino_u4

Action                     || total
---------------------------++-------
  Melee: Dagger            ||     7
    Use: Potion            ||     1
 Armour: Scale mail        ||    19
         Robe              ||     2
  Dodge: Dodged            ||    13

Table legend: (Time is in decaauts)
 A = Elapsed time spent in this place.
 B = Non-inter-level travel time spent in this place.
 C = Inter-level travel time spent in this place.
 D = Time resting spent in this place.
 E = Time spent auto-exploring this place.
 F = Levels seen in this place.
 G = Mean time per level.
                   A        B        C        D        E       F      G
               +--------+--------+--------+--------+--------+-----+--------+
         Total |    202 |    202 |      0 |      0 |    137 |   1 |  202.0 |
       Dungeon |    202 |    202 |      0 |      0 |    137 |   1 |  202.0 |
               +--------+--------+--------+--------+--------+-----+--------+

Top non-repeatable levels by time:
     D:1: 202 daAuts
